 Dungeon Crawl Stone Soup version 0.27-a0-1513-g2aaa0cc67b (webtiles) character file.

Game seed: 17350477090574127150

63 blackman the Slasher (level 4, -1/35 HPs)
             Began as a Human Fighter on July 9, 2021.
             Slain by an orc (6 damage)
             ... on level 2 of the Dungeon.
             The game lasted 00:04:15 (1246 turns).

blackman the Slasher (Human Fighter)                Turns: 1246, Time: 00:04:16

Health: -1/35      AC:  6    Str: 18    XL:     4   Next: 30%
Magic:  4/4        EV:  9    Int:  8    God:
Gold:   76         SH:  0    Dex: 12    Spells: 3/3 levels left

rFire    . . .     SeeInvis .   a - +1 long sword
rCold    . . .     Faith    .   (no shield)
rNeg     . . .     Spirit   .   b - +0 scale mail
rPois    .         Reflect  .   (no helmet)
rElec    .         Harm     .   (no cloak)
rCorr    .         Rampage  .   (no gloves)
Will     .....                  (no boots)
Stlth    ..........             (no amulet)
HPRegen  0.11/turn              (no ring)
MPRegen  0.09/turn              (no ring)

@: no status effects
A: no striking features
a: no special abilities


You were on level 2 of the Dungeon.
You visited 1 branch of the dungeon, and saw 2 of its levels.

You collected 76 gold pieces.

Inventory:

Hand Weapons
 a - a +1 long sword (weapon)
Armour
 b - a +0 scale mail (worn)
 c - a +0 kite shield
Scrolls
 f - 2 scrolls of enchant weapon
 g - a scroll of teleportation {unknown}
Potions
 d - a potion of might
 e - a potion of attraction {unknown}


   Skills:
 - Level 3.0 Fighting
 * Level 4.2 Long Blades
 - Level 3.0 Armour
 - Level 3.0 Shields


You had 3 spell levels left.
You didn't know any spells.
Your spell library was empty.

Dungeon Overview and Level Annotations

Branches:
Dungeon (2/15)

Altars:


Message History

The gnoll is lightly wounded.
The gnoll hits you with a +0 club.
* * * LOW HITPOINT WARNING * * *
You slash the gnoll!
The gnoll is heavily wounded.
The gnoll hits you but does no damage.
You hit the gnoll.
The gnoll is severely wounded.
The gnoll hits you with a +0 club.
* * * LOW HITPOINT WARNING * * *
You hit the gnoll.
You kill the gnoll!
Press: ? - help, v - describe, . - travel, g - get item
Here: an orc, wielding a +3 short sword Item here: a +0 club.
The floor, spattered with blood.
You hit the orc.
The orc is moderately wounded.
The orc hits you with a +3 short sword.
* * * LOW HITPOINT WARNING * * *
You closely miss the orc.
The orc is moderately wounded.
The orc closely misses you.
You barely miss the orc.
The orc is moderately wounded.
The orc barely misses you.
You closely miss the orc.
The orc is moderately wounded.
The orc barely misses you. The orc misses you.
You barely miss the orc.
The orc is moderately wounded.
The orc hits you but does no damage.
You completely miss the orc.
The orc is moderately wounded.
The orc hits you with a +3 short sword.
* * * LOW HITPOINT WARNING * * *
You barely miss the orc.
The orc is moderately wounded.
The orc hits you with a +3 short sword.
You die...

#..# #..# ##># #o#
#.# #.#######.#######
#.......#.....o..
#.#########.#########
#...@o...........# #
###########.####.# #
#.# #.#### #.# #.....
#.# ###### #.# #.#
#.# #[#


You could see an orc.

Vanquished Creatures
  4 gnolls (D:2)
  6 endoplasms
  2 giant cockroaches (D:1)
  A goblin (D:1)
  2 kobolds (D:1)
  2 ball pythons (D:1)
  4 bats (D:1)
  2 rats (D:1)
23 creatures vanquished.

Notes
Turn   | Place    | Note
-------+----------+-------------------------------------------
     0 | D:1      | blackman the Human Fighter began the quest for the Orb.
     0 | D:1      | Reached XP level 1. HP: 18/18 MP: 1/1
   268 | D:1      | Reached XP level 2. HP: 24/24 MP: 2/2
   597 | D:1      | Reached skill level 3 in Long Blades
  1074 | D:1      | Reached XP level 3. HP: 28/29 MP: 3/3
  1200 | D:2      | Reached skill level 4 in Long Blades
  1200 | D:2      | Reached XP level 4. HP: 13/35 MP: 4/4
  1246 | D:2      | Slain by an orc

Illustrated notes

Levels and vault maps discovered:
D:1:      erik_arrival_orb_chamber, layout_basic
D:2:      layout_basic, basic_ecumenical_altar, minmay_crystal_room,
          minmay_misc_feat_alley, uniq_jessica

Skill      XL: |  1  2  3 |
---------------+----------+-----
Long Blades    | 3 4 |  4.2
Fighting       | |  3.0
Armour         | |  3.0
Shields        | |  3.0

Action                   |  1- 3 |  4- 6 || total
-------------------------+-------+-------++-------
Melee: Long sword        |    47 |    12 ||    59
  Use: Scroll            |     1 |       ||     1
Armor: Scale mail        |    23 |     2 ||    25
Dodge: Dodged            |    26 |     4 ||    30
Block: Kite shield       |    12 |       ||    12
       Rpst.: Long sword |    10 |       ||    10

Table legend: (Time is in decaauts)
 A = Elapsed time spent in this place.
 B = Non-inter-level travel time spent in this place.
 C = Inter-level travel time spent in this place.
 D = Time resting spent in this place.
 E = Time spent auto-exploring this place.
 F = Levels seen in this place.
 G = Mean time per level.
                   A        B        C        D        E       F      G
               +--------+--------+--------+--------+--------+-----+--------+
         Total |   1264 |   1248 |     16 |    341 |    714 |   2 |  632.0 |
       Dungeon |   1264 |   1248 |     16 |    341 |    714 |   2 |  632.0 |
               +--------+--------+--------+--------+--------+-----+--------+

Top non-repeatable levels by time:
     D:1: 1139 daAuts
     D:2: 124 daAuts
